 Dungeon Crawl Stone Soup version 0.19-a0-981-gaae9137 (webtiles) character file.

61218 mistymad the Impaler (level 15, -10/124 HPs)
             Began as a Merfolk Skald on July 14, 2016.
             Was the Champion of Fedhas.
             Mangled by an infernal demonspawn
             ... wielding a +0 trident of protection
              (14 damage)
             ... while paralysed by an orc sorcerer
             ... on level 2 of the Orcish Mines.
             The game lasted 01:50:18 (26332 turns).

mistymad the Impaler (Merfolk Skald)               Turns: 26332, Time: 01:50:19

Health: -10/124    AC: 12    Str: 16    XL:     15   Next: 2%
Magic:  24/24      EV:  2    Int: 11    God:    Fedhas [******]
Gold:   2839       SH:  0    Dex: 17    Spells: 6 memorised, 13 levels left

rFire  . . .     SeeInvis .     w - +1 trident (flame)
rCold  + . .     Gourm    .     D - +0 troll leather armour
rNeg   . . .     Faith    .     G - +2 buckler
rPois  .         Spirit   .     V - +2 helmet
rElec  .         Dismiss  .     t - +1 cloak
rCorr  .         Reflect  .     I - +1 pair of gloves
SustAt +         Harm     .     a - +1 pair of boots
MR     +....                    (no amulet)
Stlth  +.........               H - ring of sustain attributes
                                u - +3 ring of protection

@: paralysed, corroded, heavily drained, somewhat resistant to hostile
enchantments, very unstealthy
A: change form in water, swift swim, cold resistance 1
a: Evolution, Sunlight, Growth, Reproduction, Rain, Renounce Religion


You were on level 2 of the Orcish Mines.
You worshipped Fedhas.
Fedhas was exalted by your worship.
You were not hungry.

You visited 4 branches of the dungeon, and saw 20 of its levels.
You also visited: Ossuary, Bailey and Ice Cave.

You collected 2839 gold pieces.

Inventory:

Hand Weapons
 w - a +1 trident of flaming (weapon)
 y - a +0 trident of venom
Missiles
 M - a throwing net (quivered)
Armour
 a - a +1 pair of boots (worn)
 t - a +1 cloak (worn)
 D - a +0 troll leather armour (worn)
 G - a +2 buckler (worn)
 I - a +1 pair of gloves (worn)
 V - a +2 helmet (worn)
Jewellery
 s - a cursed -5 ring of intelligence
 u - a +3 ring of protection (left hand)
 x - an uncursed ring of protection from magic
 H - a ring of sustain attributes (right hand)
 W - an uncursed ring of protection from cold
Wands
 N - a wand of iceblast (3/15)
 P - a wand of disintegration (13/24)
 Q - a wand of heal wounds (1/9)
 R - a wand of flame (32/48)
 S - a wand of digging (0/24)
 U - a wand of lightning (5/15)
 X - a wand of acid (5/15)
Scrolls
 b - 4 scrolls of fog
 e - 3 scrolls of teleportation
 h - 2 scrolls of immolation
 i - 11 scrolls of remove curse
 j - 2 scrolls of enchant armour
 k - 2 scrolls of enchant weapon
 m - 2 scrolls of amnesia
 p - a scroll of magic mapping
 B - 4 scrolls of identify
 F - 2 scrolls of blinking
 K - 2 scrolls of fear
 T - a scroll of recharging
Potions
 g - 2 potions of flight
 l - a potion of invisibility
 n - 4 potions of brilliance
 r - 4 potions of cancellation
 v - 2 potions of curing
 z - 5 potions of heal wounds
 A - 2 potions of beneficial mutation
 E - a potion of cure mutation
 Y - 2 potions of magic
Comestibles
 c - 7 slices of pizza
 d - 11 bread rations
 f - 3 beef jerkies
 o - 5 meat rations
 q - 2 royal jellies
 C - 15 fruits
 J - 9 chunks of flesh


   Skills:
 + Level 13.4(11.5) Fighting
 - Level 16.0(14.1) Polearms
 - Level 0.6(0.0) Armour
 + Level 15.8(13.9) Dodging
 + Level 5.6(4.1) Shields
 - Level 6.3(4.8) Spellcasting
 - Level 4.6(3.1) Hexes
 - Level 10.1(8.4) Charms
 + Level 8.7(7.1) Invocations


You had 13 spell levels left.
You knew the following spells:

 Your Spells              Type           Power        Failure   Level  Hunger
a - Infusion              Chrm           ###.         1%          1    None
b - Song of Slaying       Chrm           ###.....     1%          2    ##.....
c - Shroud of Golubria    Chrm/Tloc      ##........   10%         2    ##.....
d - Regeneration          Chrm/Necr      ##........   17%         3    ###....
e - Spectral Weapon       Hex/Chrm       ###.....     10%         3    ###....
f - Slow                  Hex            #.......     14%         2    ##.....


Dungeon Overview and Level Annotations

Branches:
Dungeon (11/15)            Temple (1/1) D:6            Lair (6/6) D:10
  Swamp (0/4) Lair:4       Spider (0/4) Lair:3        Slime (0/5) Lair:6
    Orc (2/2) D:11            Elf (0/3) Orc:2

Altars:
Ashenzari
Cheibriados
Dithmenos
Elyvilon
Fedhas
Gozag
Hepliaklqana
Kikubaaqudgha
Makhleb
Nemelex Xobeh
Okawaru
Pakellas
Qazlal
Ru
Sif Muna
Trog
Uskayaw
Vehumet
Xom
Yredelemnul
Zin
The Shining One

Shops:
D:8 }   Orc:2 *!!

Annotations:
D:10 Nergalle


Innate Abilities, Weirdness & Mutations

You revert to your normal form in water.
You are very nimble and swift while swimming.
Your flesh is cold resistant. (rC+)


Message History

The infernal demonspawn hits you from afar with a trident of protection.
You are engulfed in flames!
The orc sorcerer gestures wildly while chanting.
The orc sorcerer gestures at you while chanting.
The bolt of negative energy misses you.
The infernal demonspawn hits you from afar with a trident of protection.
You are engulfed in flames!
* * * LOW HITPOINT WARNING * * *
The rust devil hits you. The rust devil corrodes you!
The orc sorcerer points at you and mumbles some strange words.
Helpless, you fail to dodge the bolt of fire.
* * * LOW HITPOINT WARNING * * *
The orc sorcerer gestures at you while chanting.
Helpless, you fail to dodge the bolt of fire.
* * * LOW HITPOINT WARNING * * *
The infernal demonspawn hits you from afar with a trident of protection!
* * * LOW HITPOINT WARNING * * *
You are engulfed in flames!
You die...
Fedhas appreciates your contribution to the ecosystem.

#......#....#....).
##.#............o..
###...##.§.......#.
##........§.........
#......#§...........
##.....4..........#.
###.(..............
####(#.(4............
#.#(@.o(.o.o.........
##)#.46..............
##.###.#..............
#.## ##...............
#.## #....#.#.........
#.# ##.............##
#.# ###.#..........#
#.# #.....)........ ##
#..............


You could see an orc high priest, an infernal demonspawn, an ice devil, a rust
devil, an orc sorcerer, a red devil and an orc priest.

Vanquished Creatures
  A frost giant (IceCv)
  Nessos (Orc:2)
  Harold (Lair:1)
  4 hydras
  A death yak (IceCv)
  4 orc high priests (Orc:2)
  A soul eater (Orc:2)
  A fire crab (Lair:6)
  A griffon (Lair:3)
  2 hill giants (D:11)
  4 orc knights (Orc:2)
  An ugly thing (D:11)
  Pikel (D:7)
  2 orc sorcerers (Orc:2)
  2 wandering mushrooms (Lair:6)
  A sixfirhy (Orc:2)
  The ghost of crawlian the Firebug, a novice DEFE (D:7)
  5 elephants
  Joseph (D:7)
  An ice statue (IceCv)
  A rust devil (Orc:2)
  5 black mambas
  15 spiny frogs
  3 rime drakes
  8 komodo dragons
  A kobold demonologist (D:11)
  An ice devil (Orc:2)
  A red devil (Orc:2)
  19 polar bears
  A troll (D:9)
  4 jumping spiders (Lair:3)
  A two-headed ogre (Orc:2)
  9 blink frogs
  9 spriggans (Lair:6)
  41 yaks
  4 wraiths
  A vampire (D:9)
  A human (D:11)
  A redback (Lair:6)
  3 wyverns
  4 basilisks
  3 ice beasts
  The ghost of mistymad the Poker, an amateur MfSk of Fedhas (D:3)
  Grum (D:10)
  5 hippogriffs
  2 wargs (Orc:1)
  10 porcupines
  6 water moccasins
  37 orc warriors
  5 sky beasts
  3 black bears
  2 wasps (Lair:6)
  42 wolves
  7 ogres
  2 centaurs
  4 boggarts (Lair:6)
  9 crocodiles
  2 elf zombies (Ossuary)
  11 giant frogs
  2 wyvern skeletons
  4 jellies
  5 howler monkeys
  A wight (D:10)
  An electric eel (Lair:3)
  A centaur zombie (Ossuary)
  A giant frog zombie (D:5)
  4 crimson imps
  2 human zombies (Ossuary)
  A giant frog skeleton (D:5)
  3 hounds
  25 orc priests
  3 centaur skeletons
  Ijyb (D:4)
  4 iguanas
  11 orc wizards
  Terence (D:3)
  5 worker ants
  17 sheep
  A big kobold zombie (Ossuary)
  Robin (D:2)
  A hound skeleton (D:8)
  3 mummies
  A worker ant zombie (D:6)
  2 howler monkey skeletons
  14 adders
  3 gnolls (Orc:2)
  30 river rats
  2 shadow imps
  An ooze (D:6)
  An adder zombie (Ossuary)
  3 adder skeletons
  4 worms
  2 dart slugs (D:1)
  4 giant geckos
  75 orcs
  7 bats
  4 giant cockroaches
  25 goblins
  14 hobgoblins
  20 jackals
  20 kobolds
  5 quokkas
  5 ball pythons
  7 giant newts
  A goblin zombie (Ossuary)
  4 hobgoblin zombies (Ossuary)
  2 jackal skeletons
  A jackal zombie (Ossuary)
  12 kobold zombies (Ossuary)
  10 orc zombies (Ossuary)
  A quokka skeleton (D:4)
  10 rats
  2 rat zombies (Ossuary)
  4 ballistomycetes (Lair:6)
  2 giant spores (Lair:6)
  A hyperactive ballistomycete (Lair:6)
718 creatures vanquished.

Vanquished Creatures (collateral kills)
  2 elephants (Lair:5)
  A rime drake (Lair:5)
  A blink frog (Lair:5)
  A basilisk (Lair:5)
  An orc warrior (Orc:2)
  3 wolves
  A crocodile (Lair:6)
  An orc (Orc:2)
  2 giant spores (Lair:6)
  A hyperactive ballistomycete (Lair:6)
14 creatures vanquished.

Vanquished Creatures (others)
  Josephine (Orc:1)
  A meliai zombie (D:11)
  2 yaks (IceCv)
  A slave (D:7)
  5 necrophages
  4 wolves (IceCv)
  12 wandering mushrooms
  An orc wizard (D:11)
  A killer bee zombie (D:7)
  A worker ant zombie (D:9)
  A quokka (D:8)
  11 ballistomycetes (Lair:6)
  6 fungi
  5 plants
  25 spectral weapons
  422 toadstools
499 creatures vanquished.

Grand Total: 1231 creatures vanquished

Notes
Turn   | Place    | Note
-------+----------+-------------------------------------------
     0 | D:1      | mistymad the Merfolk Skald began the quest for the Orb.
     0 | D:1      | Reached XP level 1. HP: 16/16 MP: 3/3
   214 | D:1      | Reached XP level 2. HP: 15/23 MP: 5/5
   887 | D:1      | Reached XP level 3. HP: 26/28 MP: 6/6
  1065 | D:2      | Learned a level 2 spell: Song of Slaying
  1068 | D:2      | Learned a level 2 spell: Shroud of Golubria
  1584 | D:2      | Reached XP level 4. HP: 21/34 MP: 1/7
  2144 | D:2      | Reached skill level 4 in Polearms
  2312 | D:3      | Noticed Robin
  2312 | D:3      | Noticed mistymad's ghost (amateur MfSk)
  2341 | D:2      | Killed Robin
  2462 | D:2      | Reached XP level 5. HP: 41/41 MP: 6/8
  3042 | D:3      | Killed mistymad's ghost
  3042 | D:3      | Reached XP level 6. HP: 15/47 MP: 0/10
  3412 | D:3      | Found a glowing golden altar of the Shining One.
  3425 | D:3      | Noticed Terence
  3445 | D:3      | Killed Terence
  4358 | D:4      | Found a sand-covered staircase.
  4367 | Ossuary  | Entered an ossuary
  4700 | Ossuary  | Reached skill level 5 in Polearms
  4700 | Ossuary  | Reached skill level 5 in Dodging
  4700 | Ossuary  | Reached XP level 7. HP: 34/54 MP: 11/11
  4769 | Ossuary  | HP: 1/54 [elf zombie (3)]
  4827 | Ossuary  | Reached skill level 5 in Charms
  5156 | Ossuary  | Learned a level 3 spell: Regeneration
  5481 | D:4      | Noticed Ijyb
  5520 | D:4      | Killed Ijyb
  6571 | D:5      | Entered Level 5 of the Dungeon
  6589 | D:5      | Reached skill level 6 in Polearms
  6589 | D:5      | Reached XP level 8. HP: 49/61 MP: 13/13
  6688 | D:5      | Gained mutation: Your flesh is cold resistant. (rC+) [mutagenic meat]
  7072 | D:4      | Reached skill level 5 in Fighting
  8355 | D:6      | Reached skill level 7 in Polearms
  8810 | D:6      | Learned a level 3 spell: Spectral Weapon
  8965 | D:6      | Reached XP level 9. HP: 40/69 MP: 15/15
  9156 | D:6      | Found a basalt altar of Yredelemnul.
  9156 | D:6      | Found a staircase to the Ecumenical Temple.
  9174 | D:6      | Reached skill level 1 in Hexes
  9259 | Temple   | Entered the Ecumenical Temple
  9328 | Temple   | Became a worshipper of Fedhas Madash
  9585 | D:7      | Noticed Joseph
  9621 | D:7      | Killed Joseph
  9621 | D:7      | Reached skill level 5 in Spellcasting
  9821 | D:7      | Noticed Pikel
  9845 | D:7      | Killed Pikel
  9845 | D:7      | Reached skill level 8 in Polearms
 10006 | D:7      | Noticed crawlian's ghost (novice DEFE)
 10024 | D:7      | Killed crawlian's ghost
 10676 | D:8      | Reached skill level 9 in Polearms
 10741 | D:8      | Reached XP level 10. HP: 61/79 MP: 13/18
 10993 | D:8      | Found a glowing golden altar of the Shining One.
 11079 | D:8      | Found an ancient bone altar of Kikubaaqudgha.
 11081 | D:8      | Found Foparrug's Gadget Shop.
 11115 | D:8      | HP: 2/79 [wyvern (4)]
 11852 | D:9      | Found a shadowy altar of Dithmenos.
 11932 | D:9      | Found a bloodstained altar of Trog.
 12059 | D:9      | Found a flagged portal.
 12107 | Bailey   | Entered a bailey
 12207 | Bailey   | Reached * piety under Fedhas
 12349 | Bailey   | Found an iron altar of Okawaru.
 12357 | Bailey   | Reached skill level 10 in Polearms
 12534 | D:10     | Entered Level 10 of the Dungeon
 12564 | D:10     | Noticed Nergalle
 12977 | D:10     | Found a staircase to the Lair.
 13046 | D:10     | Noticed Grum
 13085 | D:10     | Killed Grum
 13145 | Lair:1   | Entered Level 1 of the Lair of Beasts
 13251 | Lair:1   | Reached ** piety under Fedhas
 13272 | Lair:1   | Noticed a spiny frog
 13283 | Lair:1   | Reached skill level 10 in Dodging
 13296 | Lair:1   | Killed a spiny frog
 13296 | Lair:1   | Reached XP level 11. HP: 87/87 MP: 18/20
 13481 | Lair:1   | Reached skill level 11 in Polearms
 13992 | Lair:1   | Noticed a five-headed hydra
 14207 | Lair:1   | Killed a five-headed hydra
 14308 | Lair:2   | Noticed Harold
 14468 | Lair:1   | Killed Harold
 14815 | Lair:2   | Reached skill level 12 in Polearms
 15111 | Lair:2   | Noticed a seven-headed hydra
 15112 | Lair:2   | You fall through a shaft!
 15141 | Lair:3   | Reached *** piety under Fedhas
 15155 | Lair:3   | Noticed a seven-headed hydra
 15167 | Lair:3   | Killed a seven-headed hydra
 15167 | Lair:3   | Reached skill level 10 in Fighting
 15167 | Lair:3   | Reached XP level 12. HP: 91/97 MP: 11/21
 15358 | Lair:2   | Killed a seven-headed hydra
 15525 | Lair:2   | Reached skill level 13 in Polearms
 15840 | Lair:3   | Found a hole to the Spider Nest.
 16292 | Lair:3   | Reached skill level 10 in Charms
 16889 | Lair:4   | Reached skill level 14 in Polearms
 16889 | Lair:4   | Reached skill level 1 in Invocations
 16977 | Lair:4   | Found a staircase to the Swamp.
 17045 | Lair:4   | Reached **** piety under Fedhas
 17132 | Lair:4   | Reached XP level 13. HP: 37/106 MP: 12/22
 17877 | Lair:5   | Found a frozen archway.
 17976 | IceCv    | Entered an ice cave
 18432 | IceCv    | Got a glittering jade ring
 18433 | IceCv    | Identified the ring "Bic Dawk" {*Tele +Fly Slay+5} (You found it in an ice cave)
 18589 | IceCv    | Reached ***** piety under Fedhas
 18771 | IceCv    | Reached skill level 5 in Invocations
 18845 | IceCv    | Reached skill level 15 in Polearms
 18903 | IceCv    | Noticed a frost giant
 19314 | IceCv    | Identified the Compendium of Ice (You found it in an ice cave)
 19409 | IceCv    | Killed a frost giant
 20493 | Lair:6   | Entered Level 6 of the Lair of Beasts
 20579 | Lair:6   | Found a staircase to the Slime Pits.
 20748 | Lair:2   | Reached skill level 1 in Shields
 20748 | Lair:2   | Reached XP level 14. HP: 109/116 MP: 23/23
 20819 | Lair:1   | Learned a level 2 spell: Slow
 21619 | Lair:6   | Reached skill level 16 in Polearms
 22136 | Lair:5   | Reached skill level 15 in Dodging
 23384 | D:11     | Found a staircase to the Orcish Mines.
 23752 | Orc:1    | Entered Level 1 of the Orcish Mines
 23836 | Orc:1    | Found an iron altar of Okawaru.
 24215 | Orc:2    | Entered Level 2 of the Orcish Mines
 24312 | Orc:2    | Noticed Josephine
 24330 | Orc:2    | Found a staircase to the Elven Halls.
 24344 | Orc:1    | Killed Josephine
 24879 | Orc:2    | Found Onuilec's Distillery.
 25230 | Orc:2    | Found Omalefic's General Store.
 25232 | Orc:2    | Found Aruigy's Distillery.
 25360 | Orc:2    | Reached ****** piety under Fedhas
 25501 | Orc:2    | Noticed Nessos
 25529 | Orc:2    | Killed Nessos
 25817 | Orc:2    | Reached skill level 5 in Shields
 26282 | Orc:2    | Reached XP level 15. HP: 124/124 MP: 21/24
 26329 | Orc:2    | Paralysed by an orc sorcerer for 7 turns
 26332 | Orc:2    | HP: 4/124 [infernal demonspawn/trident of protection (10)]
 26332 | Orc:2    | Mangled by an infernal demonspawn

Vault maps used:
D:1:      lightli_arrival_boilingwater
D:3:      nicolae_overflow_hidden_temple, serial_glass, glass_columns_a,
          glass_columns_b, glass_columns_b, glass_columns_c, glass_columns_a,
          glass_columns_a, uniq_robin, uniq_terence
D:4:      kennysheep_goblin_castle, first_bread, gup_ossuary_entry_pyramid
D:6:      yredelemnul_altar_generic
D:7:      uniq_pikel, uniq_joseph
D:8:      overflow_temple_1_default, basic_altar, serial_shops, shop
D:9:      lightli_temple_of_fire, old_standard_altar, enter_bailey_1
D:10:     lair_0_dummy, uniq_nergalle, uniq_grum
D:11:     orc_0_dummy, grunt_livestock, minmay_misc_feat_tower
Temple:   dpeg_five_rooms_temple
Lair:2:   nicolae_lair_grove_arrangements, serial_bayou_pond_e, uniq_harold
Lair:3:   spider_nest_entry_a, lemuel_fruit_fields
Lair:4:   swamp_mist, roderic_carrion_pond, grunt_megastairs_5,
          serial_bayou_shore_b
Lair:5:   portal_ice_cave_rime, lemuel_fruit_tree, grunt_megastairs_2
Lair:6:   minmay_lair_end_enchanted_forest, dpeg_slime_entry_corner,
          st_stairs_9, serial_bayou_shore_b, infiniplex_staircase_pool_2
Orc:1:    okawaru_metal_pillars_1_2
Orc:2:    pf_orc_diabolical, serial_shops, nicolae_shop_stone, uniq_nessos,
          uniq_josephine
Ossuary:  ossuary_tomb_1
Bailey:   bailey_axe_3, bailey
IceCv:    ice_cave_caverns_02

Skill      XL: |  1  2  3  4  5  6  7  8  9 10 11 12 13 14 |
---------------+-------------------------------------------+-----
Dodging        | 2 3 4 5 7 8 10 11 12 14 15 | 15.8
Polearms       | 4 5 6 7 9 10 12 14 15 16 | 16.0
Fighting       | 3 4 5 7 8 10 11 12 13 | 13.4
Charms         | 4 5 6 7 9 10 | 10.1
Spellcasting   | 3 4 5 6 |  6.3
Hexes          | 3 4 |  4.6
Invocations    | 2 6 8 |  8.7
Shields        | 1 5 |  5.6
Armour         | |  0.6

Action                   |  1- 3 |  4- 6 |  7- 9 | 10-12 | 13-15 || total
-------------------------+-------+-------+-------+-------+-------++-------
Melee: Spear             |   132 |   252 |       |       |       ||   384
       Trident           |       |   175 |   639 |   942 |  1673 ||  3429
       Tailslap          |       |       |     1 |     7 |    13 ||    21
Throw: Throwing net      |       |       |     1 |     1 |       ||     2
 Cast: Infusion          |     1 |     5 |     9 |    10 |     3 ||    28
       Song of Slaying   |       |     3 |     4 |       |       ||     7
       Shroud of Golubri |       |     1 |     7 |    13 |    13 ||    34
       Spectral Weapon   |       |       |     6 |    43 |    63 ||   112
       Regeneration      |       |       |     4 |    20 |    26 ||    50
Invok: Evolution         |       |       |       |       |    19 ||    19
       Sunlight          |       |       |       |       |     1 ||     1
       Reproduction      |       |       |       |       |     1 ||     1
Evoke: Wand              |       |       |       |       |    14 ||    14
  Use: Potion            |       |     3 |     5 |     7 |     2 ||    17
       Scroll            |       |       |    15 |    10 |     6 ||    31
 Stab: Sleeping          |     1 |     2 |       |     1 |     3 ||     7
       Invisible         |       |       |     5 |    10 |       ||    15
       Distracted        |       |       |     2 |     4 |    10 ||    16
       Held in net/web   |       |       |     1 |       |       ||     1
       Confused          |       |       |       |       |     1 ||     1
  Eat: Chunk             |     2 |    11 |    20 |    27 |    35 ||    95
       Bread ration      |       |       |     1 |       |       ||     1
       Fruit             |       |       |       |     1 |       ||     1
       Meat ration       |       |       |       |       |     1 ||     1
Armor: Leather armour    |    16 |    95 |   131 |    18 |       ||   260
       Troll leather arm |       |       |       |   173 |   195 ||   368
Dodge: Dodged            |    49 |   235 |   389 |   768 |   875 ||  2316
Block: Buckler           |       |       |       |       |   220 ||   220
